IL
COLORADO SPRINGS SKY SOX @ EL PASO CHIHUAHUAS
09/13/2048
 
TOP OF THE 1ST
Colorado Springs Sky Sox batting - Pitching for El Paso Chihuahuas : RHP Jorge Guerrero
Pitching: RHP Jorge Guerrero
Batting: LHB Steve Gilliam 0-0: Called Strike
0-1: Foul Ball, location: 2F
0-2: Strikes out looking
Batting: LHB Greg Valenzuela 0-0: Ball
1-0: Ball
2-0: Called Strike
2-1: Ball
3-1: Base on Balls
Batting: RHB Mike McElroy 0-0: Ball
Greg Valenzuela steals 2nd base
1-0: Ball
2-0: Swinging Strike
2-1: Foul Ball, location: 2F
2-2: Ball
3-2: Strikes out swinging
Batting: RHB Eduardo Camacho 0-0: Called Strike
0-1: Ball
1-1: Ball
2-1: Ball
3-1: Ground out 5-3 (Groundball, 56, EV 88.1 MPH)
Top of the 1st over - 0 runs, 0 hits, 0 errors, 1 left on base; Colorado Springs 0 - El Paso 0
BOTTOM OF THE 1ST
El Paso Chihuahuas batting - Pitching for Colorado Springs Sky Sox : RHP Iehohs Inatho
Pitching: RHP Iehohs Inatho
Batting: LHB Angel Mejia 0-0: Called Strike
0-1: Ball
1-1: Called Strike
1-2: Ball
2-2: Foul Ball, location: 2F
2-2: Foul Ball, location: 2F
2-2: Strikes out swinging
Batting: RHB Rodolfo Rivera 0-0: Ball
1-0: Ball
2-0: SINGLE (Groundball, 4M, EV 107.5 MPH) (infield hit)
Batting: SHB Adam Martin 0-0: Called Strike
0-1: Swinging Strike
0-2: Strikes out swinging
Batting: RHB Chase Briney 0-0: Fielders Choice at 2nd, U6 (Groundball, 6M, EV 77.5 MPH)
Bottom of the 1st over - 0 runs, 1 hit, 0 errors, 1 left on base; Colorado Springs 0 - El Paso 0
TOP OF THE 2ND
Colorado Springs Sky Sox batting - Pitching for El Paso Chihuahuas : RHP Jorge Guerrero
Batting: SHB Jamie Mims 0-0: Called Strike
0-1: Called Strike
0-2: Ball
1-2: Ball
2-2: Ground out 4-3 (Groundball, 34, EV 109.4 MPH)
Batting: RHB Juan Figueroa 0-0: Ball
1-0: Called Strike
1-1: Ground out 6-3 (Groundball, 56, EV 100.0 MPH)
Batting: RHB John Stevenson 0-0: Swinging Strike
0-1: Foul Ball, location: 2F
0-2: Foul Ball, location: 2F
0-2: Foul Ball, location: 2F
0-2: Strikes out swinging
Top of the 2nd over - 0 runs, 0 hits, 0 errors, 0 left on base; Colorado Springs 0 - El Paso 0
BOTTOM OF THE 2ND
El Paso Chihuahuas batting - Pitching for Colorado Springs Sky Sox : RHP Iehohs Inatho
Batting: LHB Carlos Cuellar 0-0: Foul Ball, location: 2F
0-1: Foul Ball, location: 2F
0-2: Ball
1-2: Strikes out swinging
Batting: RHB Andy Sheridan 0-0: Ball
1-0: Ground out 6-3 (Groundball, P, EV 90.6 MPH)
Batting: RHB Kiril Emeshin 0-0: Called Strike
0-1: Called Strike
0-2: Ground out 6-3 (Groundball, 6, EV 83.1 MPH)
Bottom of the 2nd over - 0 runs, 0 hits, 0 errors, 0 left on base; Colorado Springs 0 - El Paso 0
TOP OF THE 3RD
Colorado Springs Sky Sox batting - Pitching for El Paso Chihuahuas : RHP Jorge Guerrero
Batting: LHB Iehohs Inatho 0-0: Foul Ball, location: 2F
0-1: Foul Ball, location: 2F
0-2: Ground out 6-3 (Groundball, 6M, EV 87.5 MPH)
Batting: RHB Manny Thompson 0-0: Ground out 3-1 (Groundball, 34S, EV 89.4 MPH)
Batting: LHB Steve Gilliam 0-0: Ground out 4-3 (Groundball, 34, EV 105.6 MPH)
Top of the 3rd over - 0 runs, 0 hits, 0 errors, 0 left on base; Colorado Springs 0 - El Paso 0
BOTTOM OF THE 3RD
El Paso Chihuahuas batting - Pitching for Colorado Springs Sky Sox : RHP Iehohs Inatho
Batting: LHB Anthony Mosley 0-0: Called Strike
0-1: Ground out 6-3 (Groundball, 6, EV 86.9 MPH)
Batting: RHB Lamberto Amicis 0-0: Ball
1-0: SINGLE (Groundball, P, EV 87.5 MPH) (infield hit)
Batting: LHB Angel Mejia 0-0: Ball
1-0: Ball
2-0: Called Strike
2-1: Foul Ball, location: 2F
2-2: Ball
3-2: Ground out 4-3 (Groundball, 34, EV 107.5 MPH)
Lamberto Amicis to second
Batting: RHB Rodolfo Rivera 0-0: Called Strike
0-1: Ball
1-1: Ground out 6-3 (Groundball, 6, EV 89.4 MPH)
Bottom of the 3rd over - 0 runs, 1 hit, 0 errors, 1 left on base; Colorado Springs 0 - El Paso 0
TOP OF THE 4TH
Colorado Springs Sky Sox batting - Pitching for El Paso Chihuahuas : RHP Jorge Guerrero
Batting: LHB Greg Valenzuela 0-0: Called Strike
0-1: Foul Ball, location: 2F
0-2: Foul Ball, location: 2F
0-2: Foul Ball, location: 2F
0-2: Ball
1-2: Strikes out looking
Batting: RHB Mike McElroy 0-0: Called Strike
0-1: Ball
1-1: Foul Ball, location: 2F
1-2: Ground out 6-3 (Groundball, 6M, EV 92.5 MPH)
Batting: RHB Eduardo Camacho 0-0: Swinging Strike
0-1: Ground out 6-3 (Groundball, 6, EV 110.6 MPH)
Top of the 4th over - 0 runs, 0 hits, 0 errors, 0 left on base; Colorado Springs 0 - El Paso 0
BOTTOM OF THE 4TH
El Paso Chihuahuas batting - Pitching for Colorado Springs Sky Sox : RHP Iehohs Inatho
Batting: SHB Adam Martin 0-0: Ball
1-0: Swinging Strike
1-1: Ball
2-1: Swinging Strike
2-2: Foul Ball, location: 2F
2-2: Foul Ball, location: 2F
2-2: Foul Ball, location: 2F
2-2: Foul Ball, location: 2F
2-2: Foul Ball, location: 2F
2-2: Strikes out swinging
Batting: RHB Chase Briney 0-0: Called Strike
0-1: Ball
1-1: DOUBLE (Flyball, 78XD, EV 110.6 MPH)
Batting: LHB Carlos Cuellar 0-0: Called Strike
0-1: Ball
1-1: Swinging Strike
1-2: Foul Ball, location: 2F
1-2: 2-RUN HOME RUN (Flyball, 9D, EV 100.0 MPH), Distance : 395 ft
Batting: RHB Andy Sheridan 0-0: Called Strike
0-1: Called Strike
0-2: Foul Ball, location: 2F
0-2: Ball
1-2: Strikes out swinging
Batting: RHB Kiril Emeshin 0-0: Called Strike
0-1: Ball
1-1: Hit by Pitch
Batting: LHB Anthony Mosley 0-0: Ball
1-0: SINGLE (Groundball, 4MD, EV 104.4 MPH)
Kiril Emeshin to second
Runner from 2nd tries for 3rd, SAFE, throw by CF made to third
Batting: RHB Lamberto Amicis 0-0: Swinging Strike
0-1: Ball
1-1: Ground out 4-3 (Groundball, 34, EV 107.5 MPH)
Bottom of the 4th over - 2 runs, 3 hits, 0 errors, 2 left on base; Colorado Springs 0 - El Paso 2
TOP OF THE 5TH
Colorado Springs Sky Sox batting - Pitching for El Paso Chihuahuas : RHP Jorge Guerrero
Batting: SHB Jamie Mims 0-0: Ground out U3 (Groundball, 3, EV 109.4 MPH)
Batting: RHB Juan Figueroa 0-0: SINGLE (Line Drive, 89M, EV 86.2 MPH)
Batting: RHB John Stevenson 0-0: Ball
1-0: Ball
2-0: Grounds into double play, 6-4-3 (Groundball, 6MD, EV 80.6 MPH)
Top of the 5th over - 0 runs, 1 hit, 0 errors, 0 left on base; Colorado Springs 0 - El Paso 2
BOTTOM OF THE 5TH
El Paso Chihuahuas batting - Pitching for Colorado Springs Sky Sox : RHP Iehohs Inatho
Batting: LHB Angel Mejia 0-0: Called Strike
0-1: Ball
1-1: Called Strike
1-2: Strikes out swinging
Batting: RHB Rodolfo Rivera 0-0: Ball
1-0: Called Strike
1-1: Fly out, F7 (Flyball, 7S, EV 93.8 MPH)
Batting: SHB Adam Martin 0-0: Ball
1-0: Called Strike
1-1: Called Strike
1-2: SINGLE (Line Drive, 8LS, EV 94.4 MPH)
Batting: RHB Chase Briney 0-0: Swinging Strike
0-1: Swinging Strike
0-2: Ball
1-2: Strikes out swinging
Bottom of the 5th over - 0 runs, 1 hit, 0 errors, 1 left on base; Colorado Springs 0 - El Paso 2
TOP OF THE 6TH
Colorado Springs Sky Sox batting - Pitching for El Paso Chihuahuas : RHP Jorge Guerrero
Batting: LHB Iehohs Inatho 0-0: Ball
1-0: Ball
2-0: Ball
3-0: Called Strike
3-1: Ground out 4-3 (Groundball, 4, EV 100.0 MPH)
Batting: RHB Manny Thompson 0-0: Ball
1-0: Called Strike
1-1: Ground out 2-3 (Groundball, 2R, EV 75.6 MPH)
Batting: LHB Steve Gilliam 0-0: Swinging Strike
0-1: Ball
1-1: Ball
2-1: Fly out, F9 (Flyball, 9D, EV 95.6 MPH)
Top of the 6th over - 0 runs, 0 hits, 0 errors, 0 left on base; Colorado Springs 0 - El Paso 2
BOTTOM OF THE 6TH
El Paso Chihuahuas batting - Pitching for Colorado Springs Sky Sox : RHP Iehohs Inatho
Batting: LHB Carlos Cuellar 0-0: Called Strike
0-1: Foul Ball, location: 2F
0-2: Ball
1-2: Ground out 6-3 (Groundball, 6, EV 91.2 MPH)
Batting: RHB Andy Sheridan 0-0: Ball
1-0: Called Strike
1-1: Swinging Strike
1-2: Ball
2-2: DOUBLE (Flyball, 89D, EV 94.4 MPH)
Batting: RHB Kiril Emeshin 0-0: Ball
1-0: Foul Ball, location: 2F
1-1: Ball
2-1: Foul Ball, location: 2F
2-2: DOUBLE (Flyball, 89D, EV 95.0 MPH)
Andy Sheridan scores
Pitching: RHP Nate Dallman
Batting: LHB Anthony Mosley 0-0: SINGLE (Groundball, 4MD, EV 100.0 MPH)
Kiril Emeshin to third
Runner from 3rd tries for Home, SAFE, throw by CF to home
Batting: RHB Lamberto Amicis 0-0: 2-RUN HOME RUN (Flyball, 89XD, EV 107.5 MPH), Distance : 430 ft
Batting: LHB Angel Mejia 0-0: Fly out, F7 (Flyball, 78M, EV 91.2 MPH)
Batting: RHB Rodolfo Rivera 0-0: Ground out 5-3 (Groundball, 56S, EV 80.6 MPH)
Bottom of the 6th over - 4 runs, 4 hits, 0 errors, 0 left on base; Colorado Springs 0 - El Paso 6
TOP OF THE 7TH
Colorado Springs Sky Sox batting - Pitching for El Paso Chihuahuas : RHP Jorge Guerrero
Batting: LHB Greg Valenzuela 0-0: Ball
1-0: Ball
2-0: Swinging Strike
2-1: Swinging Strike
2-2: Strikes out swinging
Batting: RHB Mike McElroy 0-0: Called Strike
0-1: Swinging Strike
0-2: SINGLE (Groundball, 25, EV 73.8 MPH) (infield hit)
Batting: RHB Eduardo Camacho 0-0: Swinging Strike
0-1: Called Strike
0-2: Fly out, F8 (Flyball, 8RD, EV 105.0 MPH)
Batting: SHB Jamie Mims 0-0: Ball
1-0: Fly out, F7 (Line Drive, 7, EV 99.4 MPH)
Top of the 7th over - 0 runs, 1 hit, 0 errors, 1 left on base; Colorado Springs 0 - El Paso 6
BOTTOM OF THE 7TH
El Paso Chihuahuas batting - Pitching for Colorado Springs Sky Sox : RHP Nate Dallman
Batting: SHB Adam Martin 0-0: Called Strike
0-1: Ball
1-1: Ball
2-1: Ball
3-1: Base on Balls
Batting: RHB Chase Briney 0-0: Ball
1-0: Called Strike
1-1: Swinging Strike
1-2: Ball
2-2: Foul Ball, location: 2F
2-2: Foul Ball, location: 2F
2-2: Ball
3-2: Fly out, F9 (Flyball, 9LS, EV 80.0 MPH)
Batting: LHB Carlos Cuellar 0-0: Foul Ball, location: 2F
0-1: Ball
Passed Ball!
Adam Martin to second
1-1: Foul Ball, location: 2F
1-2: Ground out U3 (Groundball, 34S, EV 80.6 MPH)
Adam Martin to third
Batting: RHB Andy Sheridan 0-0: Called Strike
0-1: Foul Ball, location: 2F
0-2: Ball
1-2: Strikes out swinging
Bottom of the 7th over - 0 runs, 0 hits, 0 errors, 1 left on base; Colorado Springs 0 - El Paso 6
TOP OF THE 8TH
Colorado Springs Sky Sox batting - Pitching for El Paso Chihuahuas : RHP Jorge Guerrero
Batting: RHB Juan Figueroa 0-0: Called Strike
0-1: Ball
1-1: Ball
2-1: Fly out, F6 (Line Drive, 6M, EV 63.1 MPH)
Batting: RHB John Stevenson 0-0: Ball
1-0: Ball
2-0: Ball
3-0: Called Strike
3-1: Base on Balls
Batting: LHB Iehohs Inatho 0-0: Ball
1-0: Called Strike
1-1: Called Strike
1-2: Ball
2-2: Strikes out swinging
Batting: RHB Manny Thompson 0-0: Ball
1-0: Ball
2-0: Swinging Strike
2-1: Called Strike
2-2: DOUBLE (Groundball, 5L, EV 105.0 MPH)
John Stevenson to third
Runner from 3rd tries for Home, SAFE, throw by LF to home
Batting: LHB Steve Gilliam 0-0: Called Strike
0-1: Ball
1-1: Ball
2-1: Ball
3-1: Foul Ball, location: 2F
3-2: Foul Ball, location: 2F
3-2: SINGLE (Groundball, 34D, EV 97.5 MPH)
Manny Thompson to third
Pitching: RHP Rick Cotner
Batting: LHB Greg Valenzuela 0-0: Ball
1-0: Ball
2-0: Called Strike
2-1: Ground out U3 (Groundball, 3S, EV 86.2 MPH)
Top of the 8th over - 1 run, 2 hits, 0 errors, 2 left on base; Colorado Springs 1 - El Paso 6
BOTTOM OF THE 8TH
El Paso Chihuahuas batting - Pitching for Colorado Springs Sky Sox : RHP Nate Dallman
Batting: RHB Kiril Emeshin 0-0: Ball
1-0: Swinging Strike
1-1: Ball
2-1: Foul Ball, location: 2F
2-2: Ball
3-2: Base on Balls
Batting: LHB Anthony Mosley 0-0: Ball
1-0: Ball
2-0: Ball
3-0: Base on Balls
Kiril Emeshin to second
Batting: RHB Lamberto Amicis 0-0: Bunt missed!
0-1: Ball
1-1: Ball
2-1: Ball
3-1: Bunted foul
3-2: Strikes out looking
Batting: LHB Angel Mejia 0-0: Ball
1-0: Ball
2-0: Called Strike
2-1: Foul Ball, location: 2F
2-2: Ball
3-2: 3-RUN HOME RUN (Line Drive, 9LD, EV 109.4 MPH), Distance : 404 ft
Batting: RHB Rodolfo Rivera 0-0: Ball
1-0: Ball
2-0: Reached on error, E6 (Groundball, 6, EV 80.6 MPH)
Pinch Hitting: RHB Brian DeVoe 0-0: 2-RUN HOME RUN (Flyball, 7LD, EV 98.8 MPH), Distance : 368 ft
Pitching: RHP Victor Castillo
Batting: RHB Chase Briney 0-0: Foul Ball, location: 2F
0-1: Foul Ball, location: 2F
0-2: Strikes out looking
Batting: LHB Carlos Cuellar 0-0: Called Strike
0-1: Fly out, F4 (Line Drive, 4, EV 60.0 MPH)
Bottom of the 8th over - 5 runs, 2 hits, 1 error, 0 left on base; Colorado Springs 1 - El Paso 11
TOP OF THE 9TH
Colorado Springs Sky Sox batting - Pitching for El Paso Chihuahuas : RHP Rick Cotner
Now in LF: Blake Abbott
Batting: RHB Mike McElroy 0-0: Called Strike
0-1: Called Strike
0-2: Ball
1-2: SINGLE (Flyball, 8LM, EV 90.6 MPH)
Batting: RHB Eduardo Camacho 0-0: Called Strike
0-1: Ball
1-1: Foul Ball, location: 2F
1-2: Ball
2-2: Foul Ball, location: 2F
2-2: Fielders Choice at 2nd, 6-4 (Groundball, 6, EV 99.4 MPH)
Batting: SHB Jamie Mims 0-0: Fly out, F7 (Flyball, 78M, EV 85.6 MPH)
Batting: RHB Juan Figueroa 0-0: Hit by Pitch
Eduardo Camacho to second
Batting: RHB John Stevenson 0-0: Called Strike
0-1: Fielders Choice at 2nd, 5-4 (Groundball, 5, EV 108.1 MPH)
Top of the 9th over - 0 runs, 1 hit, 0 errors, 2 left on base; Colorado Springs 1 - El Paso 11
Tuesday, March 28th , 2023 - OOTP Baseball 23.10 Build 110